 Dungeon Crawl Stone Soup version 0.20-a0-854-g0cc194a (webtiles) character file.

30 Alarkh the Insei (level 3, 27/27 HPs)
             Began as a Demonspawn Transmuter on Mar 11, 2017.
             Quit the game on level 2 of the Dungeon.
             The game lasted 00:00:56 (1792 turns).

Alarkh the Insei (Demonspawn Transmuter)            Turns: 1792, Time: 00:00:57

Health: 27/27      AC:  4    Str: 10    XL:     3   Next: 3%
Magic:  6/6        EV: 12    Int: 15    God:
Gold:   89         SH:  0    Dex: 13    Spells: 5/6 levels left

rFire    . . .     SeeInvis .     - Unarmed
rCold    . . .     Gourm    .   b - +0 robe
rNeg     . . .     Faith    .   (no shield)
rPois    .         Spirit   .   (no helmet)
rElec    .         Reflect  .   (no cloak)
rCorr    .         Harm     .   (no gloves)
MR       .....                  (no boots)
Stlth    +.........             (no amulet)
Regen    0.1/turn               (no ring)
MPRegen  0.1/turn               (no ring)

@: no status effects
A: talons 1, thin metallic scales 1
a: no special abilities


You were on level 2 of the Dungeon.
You were not hungry.

You visited 1 branch of the dungeon, and saw 2 of its levels.

You collected 89 gold pieces.

Inventory:

Missiles
 a - 36 arrows
Armour
 b - a +0 robe (worn)
Scrolls
 e - a scroll of random uselessness {unknown}
 f - a scroll of noise {unknown}
Potions
 g - a potion of ambrosia {unknown}
Books
 c - a book of Changes

   Spells                             Type                      Level
   a - Beastly Appendage              Transmutation                1
   b - Sticks to Snakes               Transmutation                2
   c - Spider Form                    Transmutation/Poison         3
   d - Ice Form                       Ice/Transmutation            4
   e - Blade Hands                    Transmutation                5
Comestibles
 d - a bread ration
 h - 3 chunks of flesh


   Skills:
 + Level 1.9 Fighting
 + Level 2.0 Dodging
 * Level 3.3 Unarmed Combat
 - Level 2.0 Spellcasting
 - Level 1.7 Transmutations


You had 5 spell levels left.
You knew the following spells:

 Your Spells              Type           Power        Failure   Level  Hunger
a - Beastly Appendage     Tmut           #.....       12%         1    #......


Dungeon Overview and Level Annotations

Branches:
Dungeon (2/15)

Altars:


Innate Abilities, Weirdness & Mutations

You have sharp toenails.
You are partially covered in thin metallic scales. (AC +2)


Message History

You hit the dart slug.
You claw the dart slug, but do no damage.
The dart slug is heavily wounded.
The dart slug launches a dart at you. The slug dart misses you.
You hit the dart slug. You claw the dart slug.
The dart slug is almost dead.
You hit the dart slug.
You kill the dart slug!
You have reached level 3!
Your experience leads to an increase in your attributes!
Increase (S)trength, (I)ntelligence, or (D)exterity?
You feel clever.
Your demonic ancestry asserts itself...
Thin metallic scales grow over part of your body.
Your magical contamination has completely faded away.
Found 8 stones.
Found a stone staircase leading down.
Found a stone staircase leading up.
A leopard gecko comes into view.
A leopard gecko is nearby!
Are you sure you want to abandon this character and quit the game? (Confirm with "yes".)

#.# #....... #.##
#............ #..####
#...........l ##....#
#.......>.... ...####.##
#............
##.......###............
...###.#..##.###........
##. #.##...............
........####.@$....<.
#........# ####...(##
####.###>.. ..... #.#
#### #### #.# .


You could see a leopard gecko (sleeping).

Vanquished Creatures
  2 dart slugs
  7 goblins
  A hobgoblin (D:2)
  6 jackals (D:1)
  A frilled lizard (D:1)
  4 kobolds
  2 rats
23 creatures vanquished.

Notes
Turn   | Place    | Note
-------+----------+-------------------------------------------
     0 | D:1      | Alarkh the Demonspawn Transmuter began the quest for the Orb.
     0 | D:1      | Reached XP level 1. HP: 15/15 MP: 3/3
   467 | D:1      | Gained mutation: You have sharp toenails. [demonic ancestry]
   467 | D:1      | Reached XP level 2. HP: 15/21 MP: 3/5
   671 | D:1      | Reached skill level 3 in Unarmed Combat
  1767 | D:2      | Gained mutation: You are partially covered in thin metallic scales. (AC +2) [demonic ancestry]
  1767 | D:2      | Reached XP level 3. HP: 27/27 MP: 4/6
  1792 | D:2      | Quit the game

Vault maps used:
D:1:      lightli_arrival_statue_moat, chequers_big_river

Skill      XL: |  1  2 |
---------------+-------+-----
Unarmed Combat | 3 |  3.3
Dodging        | 2 |  2.0
Fighting       | |  1.9
Spellcasting   | |  2.0
Transmutations | |  1.7

Action                   || total
-------------------------++-------
Melee: Unarmed           ||    71
       Punch             ||     1
       Kick              ||    10
       Headbutt          ||     4
 Cast: Beastly Appendage ||     9
  Use: Potion            ||     1
  Eat: Chunk             ||     3
Armor: Robe              ||     7
Dodge: Dodged            ||    46
